 Dungeon Crawl Stone Soup version 0.27.1 (webtiles) character file.

Game seed: 4687417900983950742

38773 ZARRMARR the Earth Mage (level 14, -9/68 HPs)
             Began as a Gargoyle Earth Elementalist on Aug 28, 2021.
             Was a High Priest of Sif Muna.
             Shot with a bolt by an orc warrior (15 damage)
             ... on level 2 of the Orcish Mines.
             The game lasted 02:29:35 (25719 turns).

ZARRMARR the Earth Mage (GrEE)                     Turns: 25719, Time: 02:29:36

Health: -9/68      AC: 22    Str: 13    XL:     14   Next: 3%
Magic:  7/42       EV: 11    Int: 20    God:    Sif Muna [*****.]
Gold:   1251       SH:  0    Dex: 10    Spells: 28/43 levels left

rFire    . . .     SeeInvis .   S - staff of earth
rCold    . . .     Faith    +   (no shield)
rNeg     + + .     Spirit   .   x - +2 robe {rN+}
rPois    ∞         Reflect  .   m - +0 helmet
rElec    +         Harm     .   (no cloak)
rCorr    .         Rampage  .   N - +0 pair of gloves
Will     +....                  F - +1 pair of boots
Stlth    ++........             p - amulet of faith
HPRegen  0.21/turn              e - +4 ring of protection
MPRegen  0.28/turn              c - ring of magical power

@: flying
A: sickness immunity, AC +10, big wings, negative energy resistance 1,
electricity resistance, torment resistance 1, petrification resistance
a: Renounce Religion, Channel Magic, Forget Spell, Divine Exegesis


You were on level 2 of the Orcish Mines.
You worshipped Sif Muna.
Sif Muna was extremely pleased with you.
You visited 4 branches of the dungeon, and saw 19 of its levels.

You collected 1551 gold pieces.
You spent 300 gold pieces at shops.

Inventory:

Hand Weapons
 L - a +2 demon blade of pain
Missiles
 j - 13 boomerangs
 v - 4 poisoned darts (quivered)
 y - 4 javelins
 C - a throwing net
Armour
 m - a +0 helmet (worn)
 x - a +2 robe of positive energy (worn)
 F - a +1 pair of boots (worn)
 N - a +0 pair of gloves (worn)
 P - +0 acid dragon scales
 R - a +0 troll leather armour
 U - +0 fire dragon scales
Magical Staves
 w - a staff of death
 S - a staff of earth (weapon)
Jewellery
 b - a ring of willpower
 c - a ring of magical power (right hand)
 e - a +4 ring of protection (left hand)
 k - a ring of flight
 o - a ring of protection from fire
 p - an amulet of faith (around neck)
Wands
 d - a wand of paralysis (6)
 s - a wand of charming (6)
 E - a wand of acid (8)
 I - a wand of iceblast (6)
 J - a wand of polymorph (9)
 O - a wand of flame (24)
Scrolls
 a - a scroll of fear
 g - 3 scrolls of magic mapping
 l - a scroll of immolation
 n - 3 scrolls of silence
 r - 2 scrolls of enchant weapon
 B - 2 scrolls of enchant armour
 D - 2 scrolls of brand weapon
 H - a scroll of vulnerability
 M - a scroll of holy word {unknown}
Potions
 h - a potion of haste
 i - a potion of lignification {unknown}
 q - 3 potions of cancellation
 t - 2 potions of ambrosia
 u - 6 potions of curing
 A - a potion of magic {unknown}
 G - a potion of berserk rage {unknown}
 Q - a potion of might {unknown}


   Skills:
 - Level 1.5 Dodging
 - Level 2.1 Stealth
 + Level 15.2 Spellcasting
 - Level 0.7 Transmutations
 - Level 15.2 Earth Magic
 * Level 11.2 Invocations


You had 28 spell levels left.
You knew the following spells:

 Your Spells              Type           Power      Damage    Failure   Level
a - Sandblast             Erth           100%       2d20      0%          1
b - Passwall              Tmut/Erth      52%        N/A       1%          2
c - Stone Arrow           Conj/Erth      100%       3d13      1%          3
d - Lee's Rapid Deconstr  Erth           42%        3d22*     1%          5
e - Petrify               Tmut/Erth      63%        N/A       1%          4

Your spell library contained the following spells:

 Spells                   Type           Power      Damage    Failure   Level
 Animate Skeleton         Necr           30%        N/A       4%          1
 Pain                     Necr           60%        1d7       4%          1
 Corpse Rot               Necr/Air       N/A        N/A       6%          2
 Ignite Poison            Fire/Tmut/Pois 16%        N/A       11%         3
 Confusing Touch          Hex            15%        N/A       12%         3
 Conjure Flame            Conj/Fire      15%        6-21      12%         3
 Inner Flame              Hex/Fire       15%        N/A       12%         3
 Vampiric Draining        Necr           7%         2d7       12%         3
 Airstrike                Air            7%         N/A       38%         4
 Dispel Undead            Necr           15%        3d10      38%         4
 Hailstorm                Conj/Ice       15%        3d5       38%         4
 Sticky Flame             Conj/Fire      15%        2d4       38%         4
 Summon Lightning Spire   Summ/Air       15%        N/A       38%         4
 Irradiate                Conj/Tmut      8%         3d16      69%         5
 Yara's Violent Unravell  Hex/Tmut       8%         3d5       69%         5
 Lightning Bolt           Conj/Air       7%         1d20      75%         5
 Silence                  Hex/Air        7%         N/A       75%         5
 Death Channel            Necr           7%         N/A       99%         6
 Simulacrum               Ice/Necr       7%         N/A       99%         6
 Sublimation of Blood     Necr           Unusable   N/A       N/A         2

Dungeon Overview and Level Annotations

Branches:
Dungeon (11/15)            Temple (1/1) D:5            Lair (5/6) D:9
 Shoals (0/4) Lair:3       Spider (0/4) Lair:3          Orc (2/2) D:9
    Elf (0/3) Orc:2
  Slime: Lair:5-6

Altars:
Ashenzari
Cheibriados
Dithmenos
Elyvilon
Fedhas
Gozag
Hepliaklqana
Kikubaaqudgha
Makhleb
Nemelex Xobeh
Okawaru
Qazlal
Ru
Sif Muna
Trog
Uskayaw
Vehumet
Wu Jian
Xom
Yredelemnul
Zin
The Shining One

Shops:
D:4 *   D:11 *

Portals:
Abyss: Lair:1

Annotations:
Lair:1 2 transporters, zuma992's ghost, journeyman MiHu
Lair:5 Nessos
Orc:2 2 runed translucent doors, DemonSlayer's ghost, journeyman HuBe


Innate Abilities, Weirdness & Mutations

You are immune to sickness and miasma.
Your stone body is resilient. (AC +10)
You are immune to poison.
Your large and strong wings let you fly.
You resist negative energy. (rN+)
You are resistant to electric shocks. (rElec)
You are resistant to unholy torment.
You are immune to petrification.


Message History

The centaur warrior is heavily wounded.
The centaur warrior shoots an arrow.
The arrow hits you!
* * * LOW HITPOINT WARNING * * *
Casting: Stone Arrow (safe; 1% risk of failure)
Confirm with . or Enter, or press ? or * to list all spells.
Aiming: Stone Arrow (safe; 1% risk of failure)
Press: ? - help, Shift-Dir - straight line, f/p - centaur warrior
Aim: a centaur warrior, wielding a +0 shortbow and quivering arrows (blue smoke, heavily wounded, 84% to hit)
You feel a surge of power!
The stone arrow hits the centaur warrior!!
The centaur warrior is almost dead.
The centaur warrior shoots an arrow.
The arrow hits you.
* * * LOW HITPOINT WARNING * * *
The centaur warrior shoots an arrow.
The arrow closely misses you.
Casting: Stone Arrow (safe; 1% risk of failure)
Confirm with . or Enter, or press ? or * to list all spells.
Aiming: Stone Arrow (safe; 1% risk of failure)
Press: ? - help, Shift-Dir - straight line, f/p - centaur warrior
Aim: a centaur warrior, wielding a +0 shortbow and quivering arrows (blue smoke, almost dead, 84% to hit)
You feel a surge of power!
The stone arrow hits the centaur warrior!!
You kill the centaur warrior!
Sif Muna accepts your kill.
Throw: 5 darts (poison)
Press: ? - help, Q - select action, (/) - cycle Shift-Dir - straight line, f - orc warrior
Aim: an orc warrior, wielding a +0 battleaxe and quivering bolts (41% to hit)
You throw a poisoned dart. The poisoned dart hits the orc warrior.
The orc warrior is poisoned.
The orc warrior unwields a +0 battleaxe.
The orc warrior wields a +0 arbalest.
The orc warrior shoots a bolt.
The bolt hits you.
* * * LOW HITPOINT WARNING * * *
The orc warrior shoots a bolt.
The bolt hits you!
* * * LOW HITPOINT WARNING * * *
As you read the scroll of fog, it crumbles to dust.
The scroll dissolves into smoke.
As you read the scroll of summoning, it crumbles to dust.
Wisps of shadow whirl around you...
The orc warrior shoots a bolt.
The bolt hits you!
You die...

..........................)......
#...............................#
#####.........<.....^(.........##
##.............)......#.......
##.....................)#....##
#........#.............#...).##
##..#.....#..o.......[))....###
####....#.o....o......#...#...
##..#....o@o##.##..#...)[..
###....T.###..##..........
##...#.........##.....#... ##
#.............#####..##... ##.##
##....§§##.####..#######.# #...#
###.#§o§##)##....######.#
#..#########§§§§.).......#.#....
##....##.####§§§§§)§.(##.#.......
#.#........#.§§§§§)...#####.#.#.#


You could see an orc warrior (ally target), a friendly troll (summoned), a
friendly orc sorcerer (summoned, wandering), 2 friendly orc wizards and 2
friendly orcs.

Vanquished Creatures
  Rupert (Lair:4)
  Snorg (Lair:4)
  A hydra (Lair:2)
  A two-headed ogre (D:9)
  2 centaur warriors (Orc:2)
  4 death yaks
  Nergalle (D:10)
  Sonja (Lair:2)
  An orc knight (Orc:2)
  An oklob plant (Lair:3)
  4 cyclopes
  5 elephants
  2 black mambas (Lair:3)
  Joseph (D:10)
  2 gargoyles (D:11)
  5 cane toads
  2 rime drakes
  Psyche (D:9)
  5 komodo dragons
  6 trolls
  A polar bear (Lair:3)
  A snapping turtle (Lair:3)
  4 blink frogs (Lair:3)
  3 shadows
  Sigmund (D:6)
  42 yaks
  6 wyverns
  The ghost of COBRA the Chopper, an amateur HOFi (D:3)
  Grum (D:10)
  A steam dragon (D:7)
  Edmund (D:5)
  A warg (Orc:1)
  11 water moccasins
  3 acid dragons
  An ice beast (D:4)
  21 orc warriors
  2 sky beasts
  3 necrophages
  A black bear (D:6)
  8 ogres
  14 wolves
  11 centaurs
  A phantom (D:9)
  9 bullfrogs
  A gnoll sergeant (D:10)
  A scorpion (D:7)
  A wyvern zombie (D:8)
  2 wyvern skeletons
  4 troll zombies (D:9)
  8 killer bees
  7 wights
  2 electric eels (Lair:3)
  5 howler monkeys
  4 centaur zombies
  A bullfrog zombie (D:6)
  3 hounds
  5 orc priests
  A jelly (D:5)
  2 bullfrog skeletons (D:6)
  A centaur skeleton (D:3)
  3 gnoll shamans
  Ijyb (D:3)
  2 iguanas
  8 orc wizards
  Natasha (twice) (D:3)
  A killer bee zombie (D:7)
  4 ogre zombies (D:9)
  A hound skeleton (D:5)
  A howler monkey zombie (D:5)
  17 gnolls
  A howler monkey skeleton (D:5)
  5 adders
  A shadow imp (D:7)
  2 white imps
  2 ufetubi
  An adder zombie (D:5)
  2 worms
  29 orcs
  5 ball pythons
  4 endoplasms
  2 giant cockroaches
  8 goblins
  9 hobgoblins
  5 jackals
  7 kobolds
  7 quokkas
  13 bats
  2 frilled lizards
  A goblin skeleton (D:9)
  A goblin zombie (D:9)
  2 hobgoblin skeletons (D:9)
  4 hobgoblin zombies (D:9)
  2 orc skeletons (D:9)
  15 orc zombies (D:9)
  A quokka zombie (D:3)
  3 rats
417 creatures vanquished.

Vanquished Creatures (others)
  2 bushes
  28 fungi
  35 plants
  3 toadstools (D:5)
  A withered plant (D:5)
69 creatures vanquished.

Grand Total: 486 creatures vanquished

Notes
Turn   | Place    | Note
-------+----------+-------------------------------------------
     0 | D:1      | ZARRMARR the Gargoyle Earth Elementalist began the quest
                  | for the Orb.
     0 | D:1      | Reached XP level 1. HP: 10/10 MP: 3/3
   322 | D:1      | Found a faded altar of an unknown god.
   330 | D:1      | Reached XP level 2. HP: 15/15 MP: 0/5
  1096 | D:1      | Reached XP level 3. HP: 19/19 MP: 4/6
  1359 | D:2      | Reached skill level 5 in Earth Magic
  1359 | D:2      | Reached XP level 4. HP: 3/24 MP: 0/8
  2377 | D:2      | Learned a level 2 spell: Passwall
  2425 | D:3      | Noticed Ijyb
  2430 | D:3      | Paralysed by Ijyb for 7 turns
  2445 | D:3      | Paralysed by Ijyb for 5 turns
  2452 | D:3      | Paralysed by Ijyb for 7 turns
  2462 | D:3      | Killed Ijyb
  2549 | D:3      | Learned a level 3 spell: Stone Arrow
  2606 | D:3      | Reached XP level 5. HP: 28/28 MP: 6/10
  3193 | D:3      | Noticed Natasha
  3195 | D:3      | Killed Natasha
  3390 | D:3      | Noticed Natasha
  3397 | D:3      | Killed Natasha
  3743 | D:3      | Found a runed translucent gate.
  3743 | D:3      | Found an opulent altar of Gozag.
  3745 | D:3      | Found a runed translucent gate.
  3745 | D:3      | Found a runed translucent gate.
  3746 | D:3      | Noticed COBRA's ghost (amateur HOFi)
  4020 | D:4      | Reached XP level 6. HP: 31/32 MP: 8/12
  4486 | D:4      | Noticed an ice beast
  4495 | D:4      | Killed an ice beast
  4496 | D:4      | Reached skill level 5 in Spellcasting
  4496 | D:4      | Reached XP level 7. HP: 16/36 MP: 6/14
  4668 | D:4      | Found Otsahuly's CLEARANCE SALE! EVERYTHING MUST GO!.
  5193 | D:5      | Entered Level 5 of the Dungeon
  5199 | D:5      | Found a staircase to the Ecumenical Temple.
  5210 | Temple   | Entered the Ecumenical Temple
  5281 | Temple   | Became a worshipper of Ru the Awakened
  5402 | Temple   | Fell from the grace of Ru
  5402 | Temple   | Became a worshipper of Sif Muna the Loreminder
  5626 | D:5      | Reached skill level 1 in Invocations
  5740 | D:5      | Noticed Edmund
  5752 | D:5      | Killed Edmund
  5753 | D:5      | Reached XP level 8. HP: 35/41 MP: 3/17
  6504 | D:3      | Killed COBRA's ghost
  6506 | D:3      | Reached * piety under Sif Muna
  6700 | D:6      | Found a stormy altar of Qazlal.
  7291 | D:6      | Reached XP level 9. HP: 29/45 MP: 12/19
  7611 | D:6      | Found an ancient bone altar of Kikubaaqudgha.
  7613 | D:6      | Found an opulent altar of Gozag.
  8025 | D:6      | Reached skill level 10 in Earth Magic
  8172 | D:6      | Noticed Sigmund
  8173 | D:6      | Found an iron altar of Okawaru.
  8176 | D:6      | Found a burning altar of Makhleb.
  9219 | D:7      | Found a sparkling altar of Nemelex Xobeh.
  9257 | D:7      | Reached ** piety under Sif Muna
  9330 | D:7      | Reached skill level 5 in Invocations
  9511 | D:6      | Killed Sigmund
  9605 | D:8      | Reached XP level 10. HP: 50/50 MP: 15/22
 10655 | D:9      | Noticed a two-headed ogre
 10661 | D:9      | Killed a two-headed ogre
 10970 | D:9      | Reached skill level 10 in Spellcasting
 11006 | D:9      | Reached *** piety under Sif Muna
 11021 | D:9      | Reached XP level 11. HP: 54/54 MP: 5/25
 11282 | D:9      | Found a staircase to the Lair.
 11345 | D:9      | Found a staircase to the Orcish Mines.
 11511 | D:9      | Noticed Psyche
 11519 | D:9      | Killed Psyche
 12121 | Lair:1   | Entered Level 1 of the Lair of Beasts
 12363 | Lair:1   | Reached **** piety under Sif Muna
 12917 | Lair:1   | Found a transporter.
 12919 | Lair:1   | Noticed a cacodemon
 12920 | Lair:1   | Noticed a red ugly thing
 12920 | Lair:1   | Noticed a thrashing horror
 12920 | Lair:1   | Noticed a spriggan rider
 12923 | Lair:1   | Found a one-way gate to the infinite horrors of the Abyss.
 12933 | Lair:1   | Found a transporter.
 13208 | Lair:1   | Noticed zuma992's ghost (journeyman MiHu)
 13435 | Lair:2   | Noticed an eight-headed hydra
 13442 | Lair:2   | Killed an eight-headed hydra
 13764 | Lair:2   | Learned a level 5 spell: Lee's Rapid Deconstruction
 13947 | Lair:2   | Noticed Sonja
 13955 | Lair:2   | Killed Sonja
 14579 | Lair:3   | Noticed a death yak
 14580 | Lair:3   | Noticed a death yak
 14582 | Lair:3   | Noticed a death yak
 14582 | Lair:3   | Noticed a death yak
 15296 | Lair:2   | Killed a death yak
 15297 | Lair:2   | Reached XP level 12. HP: 41/59 MP: 14/27
 15914 | Lair:2   | Killed a death yak
 17160 | Lair:3   | Found a hole to the Spider Nest.
 17470 | Lair:3   | Killed a death yak
 17471 | Lair:3   | Reached skill level 15 in Earth Magic
 17476 | Lair:3   | Killed a death yak
 17909 | Lair:3   | Found a staircase to the Shoals.
 18328 | Lair:3   | Learned a level 4 spell: Petrify
 18491 | Lair:4   | Noticed Snorg
 18500 | Lair:4   | Killed Snorg
 18501 | Lair:4   | Reached XP level 13. HP: 44/63 MP: 11/30
 18675 | Lair:4   | Noticed Rupert
 18720 | Lair:3   | Reached skill level 10 in Invocations
 19270 | Lair:4   | Paralysed by Rupert for 6 turns
 19398 | Lair:4   | Killed Rupert
 20286 | Lair:5   | Noticed Nessos
 20678 | D:10     | Entered Level 10 of the Dungeon
 20713 | D:10     | Noticed Joseph
 20720 | D:10     | Killed Joseph
 21409 | D:10     | Noticed Grum
 21415 | D:10     | Killed Grum
 21522 | D:10     | Noticed Nergalle
 21676 | D:10     | Killed Nergalle
 21880 | D:10     | Reached ***** piety under Sif Muna
 22484 | D:11     | Found Qousem's Elemental Accessories.
 22538 | D:11     | Bought a staff of earth for 300 gold pieces
 22828 | D:11     | HP: 2/63 [komodo dragon (11)]
 23168 | D:11     | Received a gift from Sif Muna
 23169 | D:11     | Got Sif Muna's Guide on Bewitching Snow {god gift}
 23652 | Orc:1    | Entered Level 1 of the Orcish Mines
 23955 | Orc:2    | Entered Level 2 of the Orcish Mines
 24130 | Orc:2    | Found a staircase to the Elven Halls.
 24178 | Orc:2    | Found a large runed translucent door.
 24178 | Orc:2    | Found a large runed translucent door.
 24179 | Orc:2    | Noticed DemonSlayer's ghost (journeyman HuBe)
 25237 | Orc:2    | Reached skill level 15 in Spellcasting
 25690 | Orc:2    | Gained mutation: Your large and strong wings let you fly.
                  | [Gargoyle growth]
 25690 | Orc:2    | Reached XP level 14. HP: 32/68 MP: 16/33
 25719 | Orc:2    | Shot with a bolt by an orc warrior

Illustrated notes

Levels and vault maps discovered:
D:1:      dpeg_arrival_lava_temple_mockup, layout_basic, basic_ecumenical_altar
D:2:      layout_basic
D:3:      layout_basic, ebering_ghost_gozag, kennysheep_generic_room_9,
          uniq_natasha, uniq_ijyb
D:4:      layout_basic, hangedman_feature_mirror, nicolae_shop_clearance
D:5:      layout_cave_pools, minmay_temple_entry_grid, serial_undead,
          serial_undead_f, serial_undead_b, serial_undead_c, serial_undead_e,
          minmay_gold_behind_fungi, kennysheep_another_room, uniq_edmund
D:6:      minmay_inner_zag, layout_basic, nicolae_overflow_hidden_temple,
          grunt_qazlal_sundering, uniq_sigmund
D:7:      layout_basic, mainiacjoe_overflow_surrounded_room
D:8:      layout_loops_ring
D:9:      layout_gridville, minmay_lair_entry_grove, zombieorc2_lemuel,
          lemuel_flamethrower_2, uniq_psyche
D:10:     layout_irregular_city, grunt_ministairs_7, wad_woods_river_04,
          uniq_nergalle, uniq_joseph, uniq_grum
D:11:     layout_irregular_city, nicolae_elemental_shop
Temple:   eino_temple_scatter_basement
Lair:1:   layout_chaotic_city, gammafunk_ghost_abyssal_escape
Lair:2:   layout_cave_pods, uniq_sonja
Lair:3:   layout_roguey, minmay_shoals_entry_hut, spider_nest_entry_web_field,
          grunt_megastairs_3, infiniplex_staircase_pool_2
Lair:4:   layout_cave_shapes, uniq_snorg, uniq_rupert
Lair:5:   layout_cave_shapes, slime_altar_1, special_room [special_room_bee],
          gammafunk_ghost_wrathful_warriors, uniq_nessos
Orc:1:    layout_caves, serial_shops, nicolae_diamond_shop
Orc:2:    st_orc_rangers, layout_caves, ebering_ghost_disaster_area

Skill      XL: |  1  2  3  4  5  6  7  8  9 10 11 12 13 |
---------------+----------------------------------------+-----
Earth Magic    | 4 5 6 7 8 9 11 12 14 15 | 15.2
Spellcasting   | 3 4 5 6 7 8 10 11 13 15 | 15.2
Invocations    | 1 3 5 6 8 9 11 | 11.2
Dodging        | |  1.5
Stealth        | |  2.1
Transmutations | |  0.7

Action                   |  1- 3 |  4- 6 |  7- 9 | 10-12 | 13-15 || total
-------------------------+-------+-------+-------+-------+-------++-------
Melee: Unarmed           |    11 |     8 |    24 |       |       ||    43
       Demon blade       |       |       |       |       |    23 ||    23
Throw: Dart              |    21 |    32 |     8 |    69 |    69 ||   199
       Stone             |     5 |     2 |       |     2 |       ||     9
       Boomerang         |       |       |    12 |    39 |     1 ||    52
       Javelin           |       |       |     8 |    29 |     6 ||    43
 Cast: Sandblast         |    40 |    80 |   135 |   271 |    78 ||   604
       Stone Arrow       |       |     2 |    40 |   156 |   208 ||   406
       Lee's Rapid Decon |       |       |       |       |     5 ||     5
       Petrify           |       |       |       |       |     2 ||     2
Invok: Channel Magic     |       |       |     1 |     6 |     1 ||     8
  Use: Scroll            |     2 |     5 |     4 |    12 |    13 ||    36
       Potion            |     1 |     2 |     4 |     3 |     2 ||    12
Armor: Robe              |     9 |    30 |    43 |    79 |    83 ||   244
Dodge: Dodged            |    18 |    12 |    49 |    93 |    99 ||   271
       Rpst.: Demon blade |       |       |       |       |     6 ||     6
